Map: Arctic Dream LE

Players

qqq

  • Race: Zerg Zerg
  • League: Platinum
  • Spawn Location: 12:00

Massa

  • Race: Terran Terran
  • League: Platinum
  • Spawn Location: 11:00

Doombringer - Winner!

  • Race: Zerg Zerg
  • League: Diamond
  • Spawn Location: 6:00

Archimonde - Winner!

  • Race: Protoss Protoss
  • Spawn Location: 5:00

VOD

Have the link to the VOD?

Description

Time

  • Played on: Nov. 19, 2020, 3:32 p.m.
  • Length: 14:18
Show
View Real Time Build Order
Export as new Build Order

qqq Zerg 

Build Orders: Hatch First 

Get SALT Encoding   

  12  0:00  Drone  
  13  0:08  Drone  
  14  0:33  Overlord  
  14  0:45  Hatchery  
  13  0:52  Drone  
  13  0:54  Drone  
  16  0:57  Drone  
  16  1:09  Drone  
  17  1:14  Drone  
  18  1:25  Spawning Pool  
  17  1:41  Drone x2  
  17  1:42  Extractor  
  18  2:00  Drone, Overlord  
  19  2:02  Drone  
  20  2:08  Drone  
  20  2:11  Drone  
  20  2:12  Queen  
  24  2:19  Queen  
  26  2:32  Drone  
  26  2:34  Zergling x2  
  28  2:37  Drone x2  
  28  2:40  Zergling x2  
  31  2:53  Zergling x2  
  31  2:54  Zergling x4  
  34  3:02  Zergling x2  
  34  3:03  Zergling x2  
  36  3:08  Metabolic Boost  
  36  3:14  Baneling Nest  
  35  3:22  Zergling x2  
  35  3:25  Overlord  
  36  3:29  Hatchery  
  36  3:33  Zergling x2  
  36  3:37  Overlord  
  36  3:44  Zergling x4  
  36  3:45  Zergling x2  
  36  3:46  Drone  
  40  4:00  Baneling  
  40  4:01  Baneling  
  40  4:03  Baneling x2  
  40  4:14  Extractor  
  40  4:15  Zergling x6  
  40  4:16  Zergling x4  
  40  4:17  Drone, Zergling x2  
  45  4:18  Zergling x4  
  45  4:21  Baneling  
  45  4:22  Baneling  
  48  4:25  Zergling x4  
  48  4:41  Zergling x8  
  40  5:12  Drone x2  
  40  5:13  Drone x4  
  40  5:14  Zergling x6  
  47  5:16  Lair  
  48  5:25  Queen  
  50  5:36  Baneling x6  
  50  5:39  Zergling x4  
  50  5:41  Drone  
  53  5:57  Hatchery  
  45  6:06  Zergling x8  
  45  6:07  Drone x4  
  50  6:25  Zergling x6  
  50  6:26  Drone x5  
  54  6:41  Zergling x2  
  54  6:42  Zergling x6  
  54  6:43  Baneling x2  
  54  6:44  Baneling x5  
  54  6:46  Overlord x4  
  58  6:54  Spine Crawler  
  58  6:55  Drone  
  58  6:56  Overlord  
  58  7:04  Drone  
  58  7:05  Extractor  
  58  7:09  Extractor  
  58  7:14  Drone  
  58  7:15  Queen  
  59  7:45  Overlord x2  
  59  7:46  Zergling x8  
  59  7:47  Zergling x4  
  59  7:48  Drone x5  
  70  7:54  Spire  
  69  8:01  Drone x6, Extractor  
  69  8:02  Drone  
  75  8:18  Drone x6  
  75  8:19  Drone  
  82  8:23  Spine Crawler  
  81  8:31  Hatchery  
  80  8:34  Drone x4  
  80  8:35  Drone x2  
  80  8:36  Overlord x2  
  80  8:37  Zergling x8  
  90  9:06  Drone x5  
  90  9:07  Drone x7  
  90  9:08  Mutalisk  
  90  9:09  Mutalisk x2  
  106  9:19  Extractor  
  106  9:20  Extractor  
  87  9:44  Mutalisk  
  87  9:45  Mutalisk x5  
  93  9:47  Drone x3  
  93  9:48  Drone x3  
  93  9:52  Drone  
  102  9:54  Extractor  
  102  9:56  Extractor  
  102  9:59  Zergling x4  
  103  10:00  Zergling x4  
  103  10:06  Hatchery, Mutalisk  
  105  10:07  Drone  
  105  10:11  Zerg Flyer Weapons Level 1  
  106  10:17  Infestation Pit  
  105  10:23  Drone x3  
  105  10:24  Spine Crawler  
  107  10:34  Zergling x8  
  107  10:35  Centrifical Hooks  
  111  10:40  Baneling  
  111  10:41  Baneling x7  
  111  10:47  Spine Crawler  
  111  10:48  Spine Crawler, Roach Warren  
  111  10:49  Mutalisk  
  108  10:50  Mutalisk x3  
  108  10:51  Spine Crawler  
  108  10:52  Zergling x6  
  108  10:53  Zergling x10  
  108  10:54  Spine Crawler  
  108  10:56  Spine Crawler  
  104  11:14  Mutalisk x3  
  104  11:15  Mutalisk  
  110  11:20  Drone x3  
  110  11:21  Drone x3  
  110  11:25  Spine Crawler  
  111  11:26  Spine Crawler x3  
  103  11:35  Zergling x8  
  103  11:37  Roach x4  
  110  11:53  Drone x3  
  106  11:54  Mutalisk x2  
  106  11:58  Overlord x4  
  110  12:10  Hive  
  110  12:11  Overlord x2  
  110  12:12  Overlord x6  
  108  12:27  Mutalisk  
  108  12:28  Mutalisk x2  
  108  12:29  Mutalisk x2  
  118  12:41  Roach x4  
  118  12:42  Roach  
  124  12:49  Glial Reconstitution  
  124  12:52  Spine Crawler, Evolution Chamber  
  124  12:53  Spine Crawler, Evolution Chamber  
  124  12:56  Roach x3  
  124  12:57  Roach  
  128  12:59  Roach  
  130  13:08  Hatchery x2  
  128  13:14  Roach x5  
  128  13:15  Roach x2  
  128  13:17  Hatchery  
  141  13:23  Roach  
  141  13:24  Roach  
  141  13:26  Ravager x5  
  150  13:27  Ravager x3  
  150  13:28  Ravager  
  150  13:29  Overlord  
  154  13:36  Queen  
  154  13:39  Roach x5  
  91  13:56  Roach x4  
  91  13:57  Roach  
  91  13:58  Roach  
Show
View Real Time Build Order
Export as new Build Order

Massa Terran 

Build Orders: Command Center First (CC) 

Get SALT Encoding   

  12  0:00  SCV  
  13  0:12  SCV  
  14  0:17  Supply Depot  
  14  0:25  SCV  
  15  0:54  Command Center  
  15  0:58  SCV  
  16  1:08  Barracks  
  16  1:13  SCV  
  17  1:23  Supply Depot  
  17  1:25  SCV  
  18  1:37  Refinery, SCV  
  19  1:49  SCV  
  20  1:54  Marine  
  21  2:03  Refinery, Orbital Command  
  21  2:08  Orbital Command  
  21  2:19  Barracks Tech Lab  
  21  2:23  Barracks  
  21  2:29  SCV  
  22  2:34  SCV  
  23  2:41  SCV, Stimpack  
  24  2:46  SCV  
  24  2:48  Barracks  
  25  2:56  Marauder  
  27  2:59  SCV x2  
  29  3:11  SCV x2  
  29  3:12  Factory  
  31  3:16  Barracks Reactor  
  31  3:19  Marine  
  32  3:25  SCV x2  
  32  3:26  Engineering Bay  
  34  3:37  SCV x2, Marauder  
  38  3:52  SCV x2  
  40  3:56  Factory Tech Lab  
  40  4:01  Starport  
  40  4:04  SCV  
  40  4:05  SCV  
  40  4:08  Refinery  
  42  4:10  Refinery  
  42  4:11  Marauder, Marine x2  
  42  4:14  Barracks Tech Lab  
  46  4:22  Supply Depot  
  46  4:26  Missile Turret  
  46  4:30  Missile Turret  
  46  4:40  Supply Depot  
  46  4:43  Marine  
  46  4:44  Widow Mine, SCV x2, Marauder  
  46  4:45  Starport Reactor  
  53  4:56  SCV  
  54  5:02  SCV, Marauder  
  57  5:08  SCV  
  57  5:13  Marauder, Marine x2  
  62  5:26  Supply Depot x2  
  62  5:47  Marine  
  62  5:48  Marauder, Siege Tank  
  62  5:49  Supply Depot  
  68  5:51  Supply Depot  
  68  5:59  Marauder  
  68  6:00  Marine  
  71  6:05  Marine  
  71  6:09  Marauder  
  74  6:13  Supply Depot  
  74  6:20  Marauder  
  75  6:30  Marine x2  
  75  6:31  Marauder, Siege Tank  
  82  6:34  Medivac x2  
  80  6:42  Marauder  
  68  6:52  Marauder  
  70  6:54  Marine x2  
  70  7:00  SCV x2  
  74  7:03  Marauder  
  74  7:04  Medivac x2, Siege Tank  
  83  7:11  Armory  
  83  7:12  SCV x2, Marine x2  
  83  7:13  Marauder, Command Center  
  89  7:24  SCV  
  89  7:25  Marauder  
  92  7:30  Marine x2  
  92  7:33  Medivac  
  92  7:35  Marauder  
  92  7:36  Siege Tank  
  101  7:48  Marine  
  102  8:04  Supply Depot x3  
  102  8:07  Supply Depot x2  
  102  8:08  Supply Depot  
  102  8:10  Supply Depot  
  102  8:18  Combat Shield  
  102  8:20  Concussive Shells  
  102  8:25  SCV x2, Marauder x2, Marine, Thor  
  115  8:30  Supply Depot x2  
  115  8:33  Supply Depot  
  115  8:35  Marine  
  115  8:37  SCV x2  
  118  8:43  Marine  
  118  8:47  Marauder x2  
  123  8:49  SCV  
  123  8:53  Marine  
  125  9:00  Orbital Command, Marine  
  125  9:01  SCV x2  
  128  9:05  Barracks  
  128  9:07  Barracks  
  128  9:08  Marauder x2  
  132  9:13  SCV x2  
  132  9:29  Marauder  
  134  9:36  Marine  
  134  9:37  Marauder, Marine  
  132  9:51  Marauder  
  124  9:54  Marine x2  
  124  9:58  Marauder  
  108  10:03  Siege Tank  
  108  10:05  Barracks Tech Lab  
  105  10:07  Barracks Reactor  
  105  10:11  Factory  
  105  10:12  Marauder, Marine  
  105  10:13  Refinery  
  106  10:16  Factory  
  106  10:19  SCV  
  106  10:20  SCV x2, Marauder  
  111  10:27  Marauder, Marine, Command Center, Missile Turret  
  114  10:30  Marine  
  114  10:32  SCV x3  
  114  10:34  Marauder  
  123  10:35  Siege Tank  
  123  10:41  Marauder  
  125  10:44  SCV  
  125  10:45  Refinery  
  125  10:46  Terran Vehicle And Ship Armor Level 1, Terran Infantry Weapons Level 1  
  125  10:49  Marauder, Engineering Bay  
  127  10:55  Marauder  
  128  11:08  Factory Tech Lab x2  
  128  11:13  Command Center  
  128  11:18  Medivac x2  
  132  11:48  Medivac x2  
  95  12:09  Marauder x3, Marine  
  95  12:10  Marine  
  95  12:14  Siege Tank x3  
  95  12:17  Marine x2  
  97  12:27  Marine x2  
  99  12:30  Marauder x3  
  99  12:35  Marine x2  
  107  12:42  Medivac  
  107  12:43  Medivac  
  111  12:45  Marine x2  
  111  12:46  Siege Tank x2  
  119  12:51  Marauder  
  119  12:52  Marauder x2, Marine x2  
  127  13:03  Marine  
  128  13:07  Marine  
  128  13:10  Marine x2  
  128  13:12  Medivac  
  130  13:13  Marauder x3  
  130  13:14  Siege Tank  
  130  13:18  Siege Tank x2  
  146  13:20  Marine  
  146  13:24  Marine  
  147  13:28  Marine x2  
  149  13:34  Marauder x2  
  149  13:35  Marauder  
  149  13:38  Marine  
  146  13:42  Marine  
  146  13:46  Marine x2  
  138  13:56  Marauder x3, Marine  
Show
View Real Time Build Order
Export as new Build Order

Doombringer Zerg - Winner!

Build Orders: 3 Hatch before Pool 

Get SALT Encoding   

  12  0:01  Drone  
  13  0:16  Overlord  
  13  0:17  Drone  
  14  0:35  Drone x2  
  16  0:52  Hatchery, Drone  
  16  0:56  Drone  
  17  1:00  Drone  
  18  1:22  Drone  
  19  1:27  Hatchery  
  18  1:39  Spawning Pool  
  17  1:40  Drone  
  17  1:42  Extractor  
  17  1:43  Drone  
  18  1:47  Drone  
  19  1:55  Drone  
  20  2:07  Drone, Overlord  
  21  2:28  Queen x2  
  21  2:29  Zergling x4  
  27  2:31  Drone  
  27  2:33  Drone  
  29  2:48  Metabolic Boost  
  29  2:50  Queen  
  29  2:51  Drone  
  32  2:59  Drone x3  
  32  3:05  Overlord  
  35  3:18  Queen  
  35  3:19  Pneumatized Carapace  
  37  3:21  Drone x2  
  39  3:36  Drone x7  
  46  3:47  Queen  
  48  3:53  Zergling x4  
  50  3:57  Overlord x2, Baneling Nest  
  49  4:03  Overlord  
  49  4:17  Zergling x10  
  49  4:18  Zergling x10  
  59  4:36  Zergling x4  
  59  4:37  Zergling x14  
  67  4:41  Baneling x3  
  63  5:05  Overlord x2  
  63  5:10  Queen  
  63  5:11  Overlord x2  
  63  5:13  Zergling x12  
  73  5:14  Baneling  
  73  5:15  Baneling x6  
  73  5:18  Drone  
  74  5:26  Extractor  
  74  5:27  Drone x3  
  74  5:29  Extractor  
  74  5:31  Extractor  
  72  5:42  Zergling x8  
  76  5:44  Baneling  
  76  5:45  Baneling x2  
  76  5:51  Drone x8  
  80  6:26  Drone x15  
  89  6:45  Drone x3  
  87  6:51  Lair  
  87  6:53  Extractor  
  86  6:55  Extractor  
  85  7:12  Extractor  
  85  7:14  Hatchery  
  85  7:15  Drone x2  
  85  7:18  Drone x3  
  85  7:19  Drone x2, Extractor  
  85  7:20  Drone, Evolution Chamber, Overlord x2  
  89  7:22  Evolution Chamber  
  87  7:50  Zerg Melee Weapons Level 1, Hydralisk Den, Zerg Ground Armor Level 1  
  86  7:53  Baneling x4  
  86  7:54  Baneling x9  
  86  7:56  Zergling x6  
  89  7:58  Drone x8  
  89  7:59  Drone x4  
  89  8:04  Overseer  
  89  8:05  Overseer  
  101  8:06  Overseer  
  101  8:12  Centrifical Hooks  
  101  8:20  Drone  
  101  8:21  Drone x2  
  101  8:22  Grooved Spines, Hydralisk  
  101  8:24  Overlord  
  101  8:25  Overlord x3  
  106  8:29  Drone x6  
  112  8:48  Hydralisk x4  
  112  8:49  Hydralisk x6  
  112  8:51  Overlord x3  
  112  8:52  Drone x2  
  112  8:53  Baneling  
  112  8:54  Baneling x3  
  130  9:28  Hydralisk x7  
  130  9:29  Zergling x20  
  123  9:56  Drone x11  
  123  9:57  Drone x3  
  134  10:02  Hydralisk x2  
  138  10:10  Drone x4  
  142  10:17  Overlord x2  
  142  10:18  Overlord  
  142  10:31  Zerg Ground Armor Level 2, Zerg Melee Weapons Level 2  
  142  10:33  Muscular Augments  
  142  10:34  Hatchery, Extractor, Hydralisk x8  
  156  10:37  Extractor  
  155  10:49  Hydralisk x7  
  167  10:50  Extractor  
  167  10:55  Hydralisk  
  167  10:56  Hydralisk x2  
  174  11:00  Spore Crawler  
  174  11:02  Spore Crawler  
  172  11:05  Spore Crawler x2  
  172  11:07  Queen  
  172  11:08  Queen x3, Spore Crawler  
  172  11:10  Overlord x2  
  172  11:11  Zergling x2, Overlord  
  177  11:12  Zergling x12  
  177  11:15  Overlord x4  
  184  11:19  Infestation Pit  
  183  11:28  Hydralisk  
  183  11:29  Hydralisk x6  
  183  11:32  Overseer  
  197  11:33  Overseer x2  
  170  11:55  Zergling x30  
  170  11:56  Zergling x2  
  176  12:07  Hydralisk x7  
  176  12:08  Hydralisk x2  
  183  12:15  Drone x6  
  187  12:26  Baneling x8  
  187  12:31  Hive  
  187  12:34  Hydralisk x6  
  199  12:49  Baneling x12  
  199  12:54  Spire  
  199  12:57  Spire  
  194  13:37  Zergling x2  
  194  13:38  Zergling x18  
Show
View Real Time Build Order
Export as new Build Order

Archimonde Protoss - Winner!

Build Orders:  

Get SALT Encoding   

  12  0:00  Probe  
  13  0:16  Pylon  
  13  0:18  Probe  
  14  0:30  Probe (Chrono Boost)  
  15  0:35  Gateway  
  16  0:43  Probe (Chrono Boost)  
  16  0:55  Probe (Chrono Boost)  
  17  1:16  Assimilator  
  17  1:23  Cybernetics Core  
  17  1:39  Probe  
  18  1:44  Assimilator  
  18  1:48  Gateway  
  18  1:49  Zealot (Chrono Boost)  
  18  1:51  Pylon  
  18  1:52  Probe  
  21  2:04  Probe  
  22  2:16  Probe (Chrono Boost)  
  23  2:25  Nexus  
  23  2:28  Probe (Chrono Boost)  
  23  2:29  Warp Gate  
  24  2:34  Probe (Chrono Boost)  
  25  2:37  Adept  
  27  2:44  Probe  
  27  2:48  Pylon  
  28  2:56  Probe  
  29  3:08  Robotics Facility  
  29  3:11  Probe  
  30  3:23  Probe  
  30  3:26  Adept  
  30  3:27  Adept  
  35  3:35  Probe (Chrono Boost), Pylon  
  36  3:46  Probe (Chrono Boost)  
  37  3:50  Probe x2 (Chrono Boost)  
  39  3:56  Observer  
  39  4:01  Probe x2  
  42  4:05  Twilight Council  
  42  4:13  Probe  
  43  4:17  Gateway  
  43  4:20  Gateway  
  43  4:24  Gateway  
  43  4:28  Adept  
  43  4:29  Adept  
  47  4:52  Probe x2  
  49  5:04  Probe  
  49  5:06  Adept x2  
  52  5:17  Probe x2  
  52  5:20  Assimilator  
  52  5:21  Resonating Glaives  
  54  5:23  Assimilator  
  54  5:26  Pylon  
  54  5:27  Pylon  
  54  5:28  Adept x4  
  62  5:35  Pylon  
  62  5:39  Pylon  
  62  5:44  Probe  
  62  5:45  Pylon  
  62  5:48  Forge  
  62  5:49  Forge  
  62  5:51  Observer  
  62  5:53  Adept x4  
  62  5:54  Adept  
  73  6:14  Adept x2  
  73  6:15  Adept x2  
  80  6:36  Protoss Ground Armor Level 1 (Chrono Boost)  
  80  6:37  Protoss Ground Weapons Level 1 (Chrono Boost)  
  80  6:48  Probe x2 (Chrono Boost)  
  82  6:56  Stalker x5  
  82  6:57  Probe (Chrono Boost)  
  93  7:05  Pylon  
  93  7:06  Gateway  
  93  7:08  Gateway  
  93  7:10  Charge (Chrono Boost)  
  93  7:14  Pylon  
  93  7:18  Gateway  
  93  7:22  Pylon  
  93  7:36  Nexus  
  93  7:58  Stalker  
  93  7:59  Stalker x4  
  103  8:14  Stalker x3  
  109  8:25  Photon Cannon  
  109  8:33  Probe x2  
  111  8:36  Protoss Ground Armor Level 2 (Chrono Boost)  
  111  8:39  Photon Cannon, Stalker x2  
  111  8:40  Stalker  
  117  8:44  Protoss Ground Weapons Level 2 (Chrono Boost)  
  117  8:45  Probe (Chrono Boost)  
  117  8:46  Probe (Chrono Boost)  
  119  8:49  Pylon  
  119  8:53  Probe (Chrono Boost)  
  120  8:57  Probe (Chrono Boost)  
  120  9:02  Stalker x2  
  127  9:03  Probe x2 (Chrono Boost), Stalker  
  127  9:05  Probe (Chrono Boost)  
  127  9:08  Probe (Chrono Boost)  
  127  9:09  Probe  
  131  9:14  Blink  
  106  10:05  Stalker x2  
  106  10:06  Stalker x5  
  120  10:09  Probe (Chrono Boost)  
  120  10:10  Probe (Chrono Boost)  
  123  10:15  Probe (Chrono Boost)  
  123  10:20  Assimilator  
  123  10:22  Assimilator  
  123  10:23  Probe (Chrono Boost)  
  123  10:24  Stalker  
  126  10:29  Stalker x2  
  126  10:30  Stalker x4  
  126  10:31  Stalker  
  140  10:37  Pylon  
  140  10:39  Pylon  
  132  11:33  Stalker x5  
  132  11:34  Stalker x3  
  148  12:02  Stalker x7  
  148  12:03  Stalker  
  164  12:10  Pylon  
  164  12:15  Pylon  
  164  12:33  Stalker  
  164  12:34  Stalker x7  
  180  13:34  Nexus  
  180  13:38  Pylon  
  180  13:40  Pylon  
  178  13:43  Assimilator  
  158  13:49  Assimilator  
  146  13:59  Stalker x4  
  146  14:00  Stalker x4  
Tags
 
Add a new tag
Caveats
  • Supply blocks, unpowered buildings, or Contaminate may cause inaccurate times.
  • Supply counts are checked every 10 seconds.